 Dungeon Crawl Stone Soup version 0.31-a0-237-g2d982f9f85 (webtiles) character file.

Game seed: 1471756362335732568

50 senseless the Slasher (level 3, 0/29 HPs)
             Began as a Barachi Gladiator on July 11, 2023.
             Slain by an orc wizard
             ... wielding a +0 dagger
              (2 damage)
             ... on level 2 of the Dungeon.
             The game lasted 00:03:40 (1161 turns).

senseless the Slasher (Barachi Gladiator)           Turns: 1161, Time: 00:03:40

Health: 0/29       AC:  3    Str: 15    XL:     3   Next: 79%
Magic:  3/3        EV: 18    Int:  8    God:
Gold:   40         SH:  0    Dex: 15    Spells: 2/2 levels left

rFire   . . .        a - +0 long sword
rCold   + . .        (no shield)
rNeg    . . .        m - +0 robe
rPois   .            c - +0 helmet
rElec   .            (no cloak)
rCorr   .            (no gloves)
SInv    .            (no boots)
Will    .....        (no amulet)
Stlth   +            f - +5 ring of evasion
HPRegen 0.24/turn    g - ring of protection from cold
MPRegen 0.08/turn

%: no passive effects
@: slow
A: amphibious, slowness 1, strong legs 1, +LOS
a: Hop


You were on level 2 of the Dungeon.
You visited 1 branch of the dungeon, and saw 2 of its levels.

You collected 40 gold pieces.

Inventory:

Hand Weapons
 a - a +0 long sword (weapon)
Missiles
 d - 3 throwing nets (quivered)
 e - a javelin
Armour
 b - a +0 leather armour
 c - a +0 helmet (worn)
 m - a +0 robe (worn)
Jewellery
 f - a +5 ring of evasion (left hand)
 g - a ring of protection from cold (right hand)
Potions
 i - a potion of heal wounds
 l - a potion of enlightenment


   Skills:
 + Level 3.1 Fighting
 + Level 4.2 Long Blades
 + Level 2.6 Throwing
 + Level 3.8 Dodging


You had 2 spell levels left.
You didn't know any spells.
Your spell library was empty.

Dungeon Overview and Level Annotations

Branches:
Dungeon (2/15)

Altars:


Innate Abilities, Weirdness & Mutations

You are amphibious.
You cover ground slowly.
You can hop short distances.
You have an extended range of vision and can be seen from far away.


Message History

Items here: $ ( ) [ †.
You slash the quokka!
You kill the quokka!
An orc comes into view. It is wielding a +0 short sword.
The orc shouts!
The orc hits you with a +0 dagger.
A hobgoblin comes into view.
An orc wizard comes into view. It is wielding a +0 dagger.
The orc wizard shouts!
You hit the orc. Your punch misses the orc.
The orc is heavily wounded.
The orc barely misses you.
You barely miss the orc.
The orc is heavily wounded.
The orc priest looks satisfied for a moment.
The orc misses you.
You slash the orc!
You kill the orc!
The orc priest hits you with a +0 club.
You see here a +0 dagger.
You barely miss the orc priest. The orc wizard casts a spell at you.
You resist with significant effort.
You slash the orc priest!
The orc priest is heavily wounded.
The orc priest invokes the aid of Beogh against you.
Beogh smites you! The orc misses you.
You barely miss the orc priest.
The orc priest is heavily wounded.
The orc priest hits you but does no damage.
The orc barely misses you. The orc wizard barely misses you.
You barely miss the orc priest.
The orc priest is heavily wounded.
The orc priest looks encouraged for a moment.
The orc hits you but does no damage. The orc wizard closely misses you.
The orc priest calls down the wrath of Beogh upon you.
Beogh smites you!
* * * LOW HITPOINT WARNING * * *
The orc wizard hits you with a +0 dagger.
You die...

#...# ##....#..........
##....###..#.............
#..........#.......).....
..#.#....................
................#..######
..#.#.........####..#####
........)......# ##....#.
.......†.....#.# ####...
...##...@o..##... #... .
#.#o#o#...##.#####.##
........g.......##...<##
......#.#.#..............
..............##..#######
......#.#.#..[..
...............##
..............##
.#............#


You could see an orc priest, an orc wizard, an orc and a hobgoblin.

Vanquished Creatures
  An adder (D:2)
  A worm (D:2)
  A dart slug (D:2)
  An orc (D:2)
  A ball python (D:1)
  3 bats
  4 endoplasms (D:1)
  A giant cockroach (D:1)
  3 goblins
  2 hobgoblins
  4 jackals (D:1)
  2 kobolds (D:1)
  A quokka (D:2)
  3 frilled lizards
  3 rats
31 creatures vanquished.

Notes
Turn   | Place    | Note
-------+----------+-------------------------------------------
     0 | D:1      | senseless the Barachi Gladiator began the quest for the
                  | Orb.
     0 | D:1      | Reached XP level 1. HP: 17/17 MP: 1/1
   167 | D:1      | Reached XP level 2. HP: 14/23 MP: 2/2
   850 | D:1      | Reached skill level 4 in Long Blades
   871 | D:1      | Reached XP level 3. HP: 8/28 MP: 3/3
  1161 | D:2      | Slain by an orc wizard

Illustrated notes

Levels and vault maps discovered:
D:1:      shiori_arrival_elements, layout_basic
D:2:      layout_rooms, serial_glass, glass_columns_a, glass_columns_b,
          glass_columns_a, glass_columns_b, glass_columns_a, glass_columns_b,
          glass_columns_b, glass_columns_a, glass_columns_b, glass_columns_a,
          nicolae_concentric_dashed_squares_mild

Skill      XL: |  1  2  3 |
---------------+----------+-----
Long Blades    | 4 |  4.2
Fighting       | 3 |  3.1
Throwing       | |  2.6
Dodging        | |  3.8

Action                     || total
---------------------------++-------
  Melee: Long sword        ||    89
         Punch             ||     1
    Use: Scroll            ||     5
   Stab: Sleeping          ||     4
 Armour: Leather armour    ||     5
         Robe              ||    15
  Dodge: Dodged            ||   114

Table legend: (Time is in decaauts)
 A = Elapsed time spent in this place.
 B = Non-inter-level travel time spent in this place.
 C = Inter-level travel time spent in this place.
 D = Time resting spent in this place.
 E = Time spent auto-exploring this place.
 F = Levels seen in this place.
 G = Mean time per level.
                   A        B        C        D        E       F      G
               +--------+--------+--------+--------+--------+-----+--------+
         Total |   1338 |   1323 |     15 |    119 |    930 |   2 |  669.0 |
       Dungeon |   1338 |   1323 |     15 |    119 |    930 |   2 |  669.0 |
               +--------+--------+--------+--------+--------+-----+--------+

Top non-repeatable levels by time:
     D:1: 1085 daAuts
     D:2: 253 daAuts
